 Dungeon Crawl Stone Soup version 0.31-a0-848-gaac375c287 (webtiles) character file.

Game seed: 15649834548271470653

100 D12ThenQuit the Caller (level 5, -4/28 HPs)
             Began as a Kobold Summoner on Oct 4, 2023.
             Slain by an orc
             ... wielding a +0 hand axe
              (5 damage)
             ... on level 3 of the Dungeon.
             The game lasted 00:05:14 (1923 turns).

D12ThenQuit the Caller (Kobold Summoner)            Turns: 1923, Time: 00:05:16

Health: -4/28      AC:  2    Str:  6    XL:     5   Next: 3%
Magic:  6/8        EV: 15    Int: 18    God:
Gold:   74         SH:  0    Dex: 15    Spells: 4/8 levels left

rFire   . . .        i - +0 spear
rCold   . . .        (no shield)
rNeg    . . .        a - +0 robe
rPois   .            (no helmet)
rElec   .            (no cloak)
rCorr   .            (no gloves)
SInv    .            (no boots)
Will    .....        (no amulet)
Stlth   +++          (no ring)
HPRegen 0.24/turn    (no ring)
MPRegen 0.11/turn

%: no passive effects
@: attractive
A: small, no large weapons, nightstalker 3
a: no special abilities


You were on level 3 of the Dungeon.
You visited 1 branch of the dungeon, and saw 3 of its levels.

You collected 74 gold pieces.

Inventory:

Hand Weapons
 g - a +0 dagger
 i - a +0 spear (weapon)
 j - a +0 sling
Armour
 a - a +0 robe (worn)
 m - a +0 ring mail of cold resistance
Scrolls
 c - a scroll of enchant armour {unknown}
 e - a scroll of fear {unknown}
 h - a scroll of revelation {unknown}
 k - a scroll of blinking {unknown}
 l - 2 scrolls of identify {unknown}
 n - a scroll of butterflies {unknown}
Potions
 b - a potion of magic
 d - a potion of lignification {unknown}
 f - a potion of attraction
 o - a potion of brilliance {unknown}
 p - a potion of might {unknown}
 q - 2 potions of berserk rage {unknown}


   Skills:
 - Level 2.5 Dodging
 - Level 2.8 Stealth
 - Level 2.2 Spellcasting
 + Level 5.8 Summonings


You had 4 spell levels left.
You knew the following spells:

 Your Spells              Type           Power      Damage    Failure   Level
a - Call Canine Familiar  Summ           23%        N/A       4%          3
b - Summon Small Mammal   Summ           92%        N/A       1%          1

Your spell library contained the following spells:

 Spells                   Type           Power      Damage    Failure   Level
 Call Imp                 Summ           46%        N/A       2%          2
 Summon Guardian Golem    Hex/Summ       12%        N/A       16%         3
 Shock                    Conj/Air       8%         1d3       19%         1
 Static Discharge         Conj/Air       4%         2-3/arc   26%         2
 Summon Lightning Spire   Summ/Air       12%        N/A       45%         4
 Maxwell's Capacitive Co  Air            1%         ∞         100%        8
 Polar Vortex             Ice            1%         N/A       100%        9


Dungeon Overview and Level Annotations

Branches:
Dungeon (3/15)

Altars:


Innate Abilities, Weirdness & Mutations

You are small and have problems with some larger weapons.
You are completely attuned to the shadows.


Message History

The orc wizard closely misses you.
Your quokka bites the orc wizard.
You hit the orc wizard.
The orc wizard is moderately wounded.
Your quokka bites the orc wizard. x2
The orc wizard casts a spell.
The orc wizard flickers and vanishes!
Deactivating autopickup; reactivate with Ctrl-A.
The orc hits your quokka with a +0 hand axe.
Your quokka dies!
Your quokka's corpse disappears in a puff of smoke!
You reach to attack!
You hit the orc.
The orc is moderately wounded.
Your quokka bites the orc.
The orc dies!
You hear some strange, mumbled words.
A puff of flame appears from out of thin air!
The puff of flame hits you.
The orc priest miscasts a cantrip.
You hit something. Something barely misses you. The orc misses you.
You hit something but do no damage. The orc priest closely misses you.
Something completely misses you. The orc closely misses you.
You hear some strange, mumbled words.
Something tries to affect you, but you resist.
The orc priest attacks as it pursues you!
The orc priest hits you with a +0 whip. The orc hits you with a +0 hand axe.
The orc priest hits your quokka with a +0 whip.
Something hits you. The orc attacks as it pursues you!
The orc hits you with a +0 hand axe.
* * * LOW HITPOINT WARNING * * *
Your quokka bites the orc priest.
Okay, then.
Okay, then.
It was a potion of attraction.
You feel attractive to monsters.
The orc priest hits your quokka with a +0 whip.
Something hits you.
* * * LOW HITPOINT WARNING * * *
The orc hits you with a +0 hand axe.
You die...

#...#.....).......
+......######.###.
##......######.....
...........).......
###.....###........
###.....#..........
........#.......#..
........#..<...###+
......@.........
.....r{o.....#.#
####.o.......#.#
#.).).....#
#......# #......
#......


You could see an orc priest (ally target), an orc and a friendly quokka
(summoned).

Vanquished Creatures
  An adder (D:2)
  A bat (D:2)
  2 endoplasms (D:2)
  A jackal (D:2)
  3 kobolds
  2 quokkas (D:2)
  A ball python (D:1)
  2 frilled lizards (D:2)
  A rat (D:2)
14 creatures vanquished.

Vanquished Creatures (collateral kills)
  Jessica (D:2)
  2 adders (D:2)
  A worm (D:2)
  2 dart slugs
  An orc (D:3)
  6 endoplasms
  A giant cockroach (D:1)
  2 goblins (D:1)
  2 jackals (D:2)
  3 ball pythons
  2 kobolds
23 creatures vanquished.

Grand Total: 37 creatures vanquished

Notes
Turn   | Place    | Note
-------+----------+-------------------------------------------
     0 | D:1      | D12ThenQuit the Kobold Summoner began the quest for the
                  | Orb.
     0 | D:1      | Reached XP level 1. HP: 10/10 MP: 3/3
   282 | D:1      | Reached XP level 2. HP: 12/15 MP: 3/5
   772 | D:2      | Reached XP level 3. HP: 19/19 MP: 6/6
  1061 | D:2      | Reached skill level 5 in Summonings
  1064 | D:2      | Got a conspicuous book
  1075 | D:2      | Learned a level 3 spell: Call Canine Familiar
  1152 | D:2      | Noticed Jessica
  1459 | D:2      | Reached XP level 4. HP: 12/24 MP: 3/7
  1607 | D:2      | Killed Jessica
  1829 | D:3      | Reached XP level 5. HP: 28/28 MP: 5/8
  1923 | D:3      | HP: 1/28 [something (3)]
  1923 | D:3      | Slain by an orc

Illustrated notes

Levels and vault maps discovered:
D:1:      ncdulo_watergridlock, layout_rooms
D:2:      layout_loops_ring, uniq_jessica
D:3:      lemuel_castle_with_subvaults [lemuel_castle_interior_carwin_1],
          layout_basic, hellmonk_ecumenical_altar_arch_garden

Skill      XL: |  1  2  3 |
---------------+----------+-----
Summonings     | 5 |  5.8
Dodging        | |  2.5
Stealth        | |  2.8
Spellcasting   | |  2.2

Action                     |  1- 3 |  4- 6 || total
---------------------------+-------+-------++-------
  Melee: Unarmed           |     8 |       ||     8
         Spear             |    58 |    14 ||    72
         Dagger            |     7 |       ||     7
   Cast: Summon Small Mamm |    35 |    18 ||    53
    Use: Potion            |       |     1 ||     1
   Stab: Sleeping          |     6 |       ||     6
         Distracted        |     1 |     1 ||     2
 Armour: Robe              |    25 |    11 ||    36
  Dodge: Dodged            |    49 |    13 ||    62

Table legend: (Time is in decaauts)
 A = Elapsed time spent in this place.
 B = Non-inter-level travel time spent in this place.
 C = Inter-level travel time spent in this place.
 D = Time resting spent in this place.
 E = Time spent auto-exploring this place.
 F = Levels seen in this place.
 G = Mean time per level.
                   A        B        C        D        E       F      G
               +--------+--------+--------+--------+--------+-----+--------+
         Total |   1930 |   1859 |     71 |    223 |    990 |   3 |  643.3 |
       Dungeon |   1930 |   1859 |     71 |    223 |    990 |   3 |  643.3 |
               +--------+--------+--------+--------+--------+-----+--------+

Top non-repeatable levels by time:
     D:2: 1111 daAuts
     D:1: 719 daAuts
     D:3: 100 daAuts
